Map: Blackpink LE

Players

딸기냠냠

  • Race: Terran Terran
  • League: Master
  • Spawn Location: 7:00

ROBOTOSS - Winner!

  • Race: Protoss Protoss
  • League: Diamond
  • Spawn Location: 1:00

VOD

Have the link to the VOD?

Description

Time

  • Played on: Dec. 21, 2017, 2:08 p.m.
  • Length: 10:37
Show
View Real Time Build Order
Export as new Build Order

딸기냠냠 Terran 

Build Orders:  

Get SALT Encoding   

  12  0:01  SCV  
  13  0:13  SCV  
  14  0:18  Supply Depot  
  14  0:25  SCV  
  15  0:30  Refinery  
  15  0:40  SCV  
  16  0:46  Barracks  
  16  0:52  SCV  
  17  1:04  SCV  
  18  1:16  SCV  
  19  1:28  SCV  
  20  1:34  Marine  
  21  1:40  SCV  
  21  1:44  Factory  
  23  1:54  SCV  
  23  2:51  Marine  
  23  2:55  Supply Depot  
  23  3:04  Refinery  
  23  3:08  Refinery  
  23  3:16  Cyclone, Marine  
  27  3:21  Orbital Command  
  27  3:38  Barracks Reactor  
  27  3:47  SCV  
  28  3:56  Cyclone  
  31  4:04  Bunker  
  31  4:09  Supply Depot  
  31  4:30  SCV, Marine x2, Cyclone  
  37  4:33  Supply Depot  
  37  4:43  SCV  
  38  4:54  Command Center  
  38  4:59  SCV  
  39  5:15  SCV  
  40  5:21  Cyclone x2, Supply Depot  
  46  5:29  Marine  
  47  5:43  SCV  
  48  5:51  Barracks Tech Lab  
  48  5:55  Command Center, SCV  
  49  6:02  Cyclone x2  
  55  6:07  Orbital Command  
  55  6:14  Stimpack  
  55  6:28  Starport  
  55  6:29  SCV  
  55  6:50  Cyclone  
  55  6:51  Cyclone  
  61  6:59  Bunker  
  61  7:05  Viking  
  63  7:09  Refinery x2  
  55  7:20  Orbital Command  
  49  7:58  Marine  
  48  8:11  Medivac  
  50  8:14  Barracks x2  
  50  8:16  Cyclone, Marine  
  48  8:20  Cyclone  
  51  8:34  SCV, Marine  
  48  8:39  Engineering Bay  
  48  8:41  SCV, Orbital Command  
  51  8:51  Marine  
  44  8:58  Cyclone  
  44  8:59  Cyclone  
  46  9:03  Marine  
  41  9:17  Marine x2  
Show
View Real Time Build Order
Export as new Build Order

ROBOTOSS Protoss - Winner!

Build Orders:  

Get SALT Encoding   

  12  0:00  Probe  
  13  0:12  Probe  
  14  0:17  Pylon  
  14  0:25  Probe  
  15  0:37  Probe (Chrono Boost)  
  15  0:39  Forge  
  16  0:49  Probe (Chrono Boost)  
  17  1:09  Probe  
  18  1:20  Pylon  
  18  1:28  Pylon  
  18  1:41  Pylon  
  18  1:43  Pylon  
  18  1:45  Pylon  
  18  1:47  Pylon  
  18  1:57  Photon Cannon  
  18  2:00  Photon Cannon  
  17  2:02  Photon Cannon  
  17  2:03  Pylon  
  16  2:16  Probe (Chrono Boost)  
  17  2:22  Assimilator  
  17  2:25  Assimilator  
  17  2:26  Probe (Chrono Boost)  
  18  2:30  Gateway  
  18  2:33  Probe (Chrono Boost)  
  19  2:37  Photon Cannon  
  19  2:42  Probe (Chrono Boost)  
  20  2:45  Pylon  
  20  2:57  Photon Cannon  
  20  3:02  Probe  
  21  3:14  Probe (Chrono Boost)  
  22  3:21  Cybernetics Core  
  22  3:23  Probe (Chrono Boost), Pylon  
  23  3:28  Pylon  
  23  3:58  Stargate  
  23  4:00  Stargate  
  23  4:09  Shield Battery  
  23  4:25  Nexus  
  27  4:54  Void Ray x2 (Chrono Boost)  
  31  5:02  Assimilator  
  31  5:04  Assimilator  
  31  5:07  Pylon  
  31  5:25  Void Ray (Chrono Boost)  
  35  5:40  Probe (Chrono Boost)  
  37  5:50  Probe (Chrono Boost)  
  37  5:51  Void Ray  
  37  5:55  Probe (Chrono Boost)  
  42  6:07  Probe  
  42  6:08  Void Ray (Chrono Boost)  
  47  6:19  Probe  
  48  6:32  Photon Cannon  
  48  6:34  Photon Cannon  
  48  6:35  Shield Battery  
  48  7:03  Pylon  
  48  7:20  Void Ray (Chrono Boost)  
  38  8:01  Pylon  
  38  8:02  Pylon  
  38  8:17  Void Ray (Chrono Boost)  
  46  8:22  Void Ray (Chrono Boost)  
Tags
 
Add a new tag
Caveats
  • Supply blocks, unpowered buildings, or Contaminate may cause inaccurate times.
  • Supply counts are checked every 10 seconds.